[ PARTIDA AOE2 · #488288730 ]
UnrankedItalianos vs Slavs
Equipo del jugador · VICT
Equipo rival · DERR
[ ANÁLISIS DE REPETICIÓN · EXTRAÍDO DE LA PARTIDA GRABADA ]
Feudal
9:06
Castillos
20:48
Imperial
41:28
| APM promedio | 55.5 |
| APM pico | 88 |
| eAPM promedio | 21.6 |
| Aldeanos / militares | 147 / 258 |
Foco
⚔️ 43.7% · 🌾 56.3%
Genoese Crossbowman ×79 · Archer ×77 · Scout Cavalry ×62 · Knight ×18 · Bombard Cannon ×11 · Monk ×6
Feudal
8:58
Castillos
20:04
Imperial
40:01
| APM promedio | 32.6 |
| APM pico | 61 |
| eAPM promedio | 18.0 |
| Aldeanos / militares | 153 / 314 |
Foco
⚔️ 37.8% · 🌾 62.2%
Spearman ×156 · Scout Cavalry ×60 · Knight ×47 · Scorpion ×44 · Skirmisher ×4 · Trebuchet (Packed) ×2
Mapa de la partida
Recursos iniciales + cada clic de construcción. Líneas = muros · curvas = relieve. ◆ oro · ⬟ piedra · ● bayas · ✦ reliquia · ◌ hueco del cierre
Tu base· Abierta — hueco de 5t
Base de shepherd· ✓ Cerrada en 20:04 · 20t muro · 1 puerta(s)
Terreno inicial suavizado · ◌ = hueco del cierre detectado · pasá el cursor para detalles
Inputs por minuto
— zacaset - - shepherd
Build order — zacaset
Primeras 150 de 634 acciones detectadas
| 0:00 | Crear | Villager (Male) |
| 0:00 | Crear | Villager (Male) |
| 0:01 | Crear | Villager (Male) |
| 0:02 | Construir | House |
| 0:03 | Construir | House |
| 0:12 | Crear | Villager (Male) |
| 1:28 | Crear | Villager (Male) |
| 1:56 | Crear | Villager (Male) |
| 1:58 | Construir | Lumber Camp |
| 2:28 | Crear | Villager (Male) |
| 2:52 | Crear | Villager (Male) |
| 2:52 | Crear | Villager (Male) |
| 3:03 | Crear | Villager (Male) |
| 3:25 | Crear | Villager (Male) |
| 3:34 | Construir | House |
| 3:50 | Crear | Villager (Male) |
| 3:58 | Crear | Villager (Male) |
| 4:17 | Construir | Mill |
| 5:00 | Crear | Villager (Male) |
| 5:22 | Crear | Villager (Male) |
| 5:50 | Crear | Villager (Male) |
| 5:55 | Investigar | Loom |
| 6:56 | Investigar | Feudal Age |
| 7:15 | Construir | Mining Camp |
| 7:30 | Construir | Barracks |
| 7:34 | Construir | House |
| 8:04 | Construir | Palisade Wall |
| 8:32 | Crear | Villager (Male) |
| 8:53 | Crear | Villager (Male) |
| 8:53 | Crear | Villager (Male) |
| 9:06 | Edad | Edad Feudal |
| 9:11 | Construir | Archery Range |
| 9:20 | Investigar | Double-Bit Axe |
| 9:29 | Construir | House |
| 9:47 | Crear | Spearman |
| 9:52 | Crear | Archer |
| 9:52 | Crear | Archer |
| 10:00 | Construir | Blacksmith |
| 10:15 | Construir | Palisade Gate |
| 10:21 | Crear | Villager (Male) |
| 10:25 | Construir | House |
| 10:29 | Crear | Archer |
| 10:40 | Construir | House |
| 10:43 | Construir | Palisade Wall |
| 10:51 | Crear | Villager (Male) |
| 11:04 | Construir | Farm |
| 11:05 | Crear | Archer |
| 11:12 | Construir | House |
| 11:15 | Construir | Palisade Wall |
| 11:23 | Crear | Villager (Male) |
| 11:25 | Construir | Farm |
| 11:40 | Crear | Archer |
| 11:46 | Crear | Villager (Male) |
| 11:51 | Construir | House |
| 11:58 | Crear | Archer |
| 12:03 | Construir | Palisade Wall |
| 12:04 | Construir | Palisade Wall |
| 12:05 | Construir | Palisade Wall |
| 12:17 | Crear | Archer |
| 12:20 | Construir | Farm |
| 12:21 | Crear | Villager (Male) |
| 12:31 | Construir | Farm |
| 12:33 | Crear | Archer |
| 12:44 | Construir | Palisade Wall |
| 12:45 | Construir | Palisade Wall |
| 12:47 | Construir | Palisade Wall |
| 12:50 | Construir | Palisade Wall |
| 13:13 | Crear | Archer |
| 13:33 | Crear | Villager (Male) |
| 13:35 | Construir | Farm |
| 13:37 | Construir | Farm |
| 13:54 | Investigar | Fletching |
| 14:02 | Construir | Farm |
| 14:09 | Construir | Palisade Wall |
| 14:13 | Construir | Palisade Wall |
| 14:15 | Construir | House |
| 14:19 | Crear | Archer |
| 14:30 | Crear | Spearman |
| 14:31 | Crear | Villager (Male) |
| 14:31 | Crear | Villager (Male) |
| 14:54 | Construir | Farm |
| 14:54 | Crear | Archer |
| 15:19 | Construir | Farm |
| 15:23 | Construir | Farm |
| 15:31 | Crear | Villager (Male) |
| 15:37 | Crear | Archer |
| 15:48 | Construir | Farm |
| 16:03 | Crear | Villager (Male) |
| 16:13 | Construir | Farm |
| 16:16 | Crear | Archer |
| 16:49 | Crear | Archer |
| 16:49 | Crear | Archer |
| 17:05 | Construir | Farm |
| 17:06 | Crear | Villager (Male) |
| 17:08 | Crear | Villager (Male) |
| 17:40 | Crear | Archer |
| 18:08 | Investigar | Castle Age |
| 18:17 | Investigar | Gold Mining |
| 18:39 | Crear | Archer |
| 18:44 | Construir | Archery Range |
| 19:16 | Crear | Archer |
| 19:18 | Crear | Villager (Male) |
| 19:30 | Investigar | Horse Collar |
| 19:49 | Crear | Archer |
| 19:49 | Crear | Archer |
| 19:51 | Construir | House |
| 19:52 | Construir | House |
| 20:05 | Crear | Archer |
| 20:15 | Crear | Archer |
| 20:30 | Crear | Archer |
| 20:48 | Edad | Edad de los Castillos |
| 20:55 | Investigar | Crossbowman (upgrade) |
| 20:56 | Investigar | Bodkin Arrow |
| 21:01 | Construir | University |
| 21:07 | Crear | Archer |
| 21:11 | Crear | Villager (Male) |
| 21:11 | Crear | Villager (Male) |
| 21:49 | Crear | Archer |
| 21:50 | Crear | Archer |
| 22:01 | Crear | Villager (Male) |
| 22:27 | Investigar | Ballistics |
| 22:27 | Crear | Archer |
| 22:30 | Crear | Archer |
| 22:33 | Crear | Villager (Male) |
| 22:33 | Crear | Villager (Male) |
| 22:33 | Crear | Villager (Male) |
| 22:53 | Crear | Archer |
| 22:53 | Crear | Archer |
| 23:10 | Crear | Archer |
| 23:11 | Crear | Archer |
| 23:25 | Crear | Archer |
| 23:25 | Crear | Archer |
| 23:37 | Crear | Villager (Male) |
| 23:37 | Crear | Villager (Male) |
| 23:51 | Construir | House |
| 23:51 | Crear | Archer |
| 23:54 | Crear | Archer |
| 23:54 | Crear | Archer |
| 24:01 | Construir | Monastery |
| 24:02 | Crear | Archer |
| 24:15 | Crear | Archer |
| 24:29 | Crear | Archer |
| 24:29 | Crear | Villager (Male) |
| 24:35 | Investigar | Bow Saw |
| 24:36 | Crear | Archer |
| 24:51 | Crear | Monk |
| 25:15 | Crear | Archer |
| 25:16 | Crear | Archer |
| 25:22 | Crear | Villager (Male) |
| 25:22 | Crear | Villager (Male) |
Build order — shepherd
Primeras 150 de 416 acciones detectadas
| 0:00 | Crear | Villager (Male) |
| 0:00 | Crear | Villager (Male) |
| 0:02 | Construir | House |
| 0:03 | Construir | House |
| 0:19 | Crear | Villager (Male) |
| 0:19 | Crear | Villager (Male) |
| 1:21 | Crear | Villager (Male) |
| 1:43 | Construir | Lumber Camp |
| 1:50 | Crear | Villager (Male) |
| 2:03 | Crear | Villager (Male) |
| 2:50 | Crear | Villager (Male) |
| 3:16 | Crear | Villager (Male) |
| 3:36 | Crear | Villager (Male) |
| 3:51 | Construir | House |
| 3:54 | Crear | Villager (Male) |
| 4:26 | Construir | Mill |
| 4:40 | Crear | Villager (Male) |
| 4:40 | Crear | Villager (Male) |
| 5:00 | Crear | Villager (Male) |
| 5:01 | Crear | Villager (Male) |
| 6:00 | Crear | Villager (Male) |
| 6:01 | Investigar | Loom |
| 6:26 | Crear | Villager (Male) |
| 6:48 | Investigar | Feudal Age |
| 7:22 | Crear | Villager (Male) |
| 7:22 | Crear | Villager (Male) |
| 7:43 | Construir | Barracks |
| 7:45 | Construir | House |
| 8:58 | Edad | Edad Feudal |
| 9:05 | Construir | Stable |
| 9:16 | Construir | House |
| 9:19 | Crear | Spearman |
| 9:29 | Crear | Villager (Male) |
| 9:42 | Crear | Villager (Male) |
| 9:42 | Crear | Villager (Male) |
| 9:44 | Investigar | Double-Bit Axe |
| 9:50 | Crear | Scout Cavalry |
| 9:58 | Construir | House |
| 10:07 | Construir | Palisade Wall |
| 10:10 | Crear | Villager (Male) |
| 10:16 | Crear | Scout Cavalry |
| 10:39 | Construir | House |
| 10:44 | Crear | Villager (Male) |
| 10:45 | Crear | Scout Cavalry |
| 10:52 | Crear | Villager (Male) |
| 10:57 | Construir | Farm |
| 11:02 | Construir | Farm |
| 11:05 | Construir | Farm |
| 11:23 | Construir | Farm |
| 11:28 | Construir | Farm |
| 11:41 | Crear | Scout Cavalry |
| 11:43 | Crear | Villager (Male) |
| 11:54 | Crear | Villager (Male) |
| 12:16 | Crear | Villager (Male) |
| 12:42 | Crear | Villager (Male) |
| 12:46 | Construir | Farm |
| 12:46 | Construir | Farm |
| 12:46 | Construir | Farm |
| 12:47 | Construir | Farm |
| 12:47 | Construir | Farm |
| 12:47 | Construir | Farm |
| 12:51 | Crear | Villager (Male) |
| 13:14 | Crear | Villager (Male) |
| 13:56 | Construir | Archery Range |
| 14:01 | Crear | Villager (Male) |
| 14:09 | Crear | Scout Cavalry |
| 14:09 | Crear | Scout Cavalry |
| 14:34 | Construir | House |
| 14:43 | Crear | Villager (Male) |
| 14:47 | Construir | Farm |
| 14:48 | Construir | Farm |
| 14:49 | Construir | Farm |
| 14:51 | Construir | Farm |
| 14:52 | Construir | Farm |
| 15:09 | Crear | Skirmisher |
| 15:09 | Crear | Skirmisher |
| 15:24 | Crear | Villager (Male) |
| 15:28 | Construir | Farm |
| 15:31 | Construir | Farm |
| 15:53 | Construir | Palisade Wall |
| 16:00 | Crear | Villager (Male) |
| 16:15 | Construir | Market |
| 16:17 | Crear | Villager (Male) |
| 16:47 | Crear | Villager (Male) |
| 17:07 | Construir | Lumber Camp |
| 17:12 | Crear | Scout Cavalry |
| 17:24 | Investigar | Castle Age |
| 17:32 | Construir | House |
| 17:34 | Construir | House |
| 17:53 | Crear | Scout Cavalry |
| 18:01 | Construir | House |
| 18:12 | Investigar | Wheelbarrow |
| 18:46 | Construir | Palisade Gate |
| 19:00 | Construir | Blacksmith |
| 19:07 | Investigar | Horse Collar |
| 19:19 | Construir | Mining Camp |
| 19:25 | Crear | Villager (Male) |
| 19:49 | Investigar | Scale Barding Armor |
| 19:50 | Investigar | Forging |
| 20:04 | Edad | Edad de los Castillos |
| 20:12 | Investigar | Light Cavalry (upgrade) |
| 20:15 | Construir | Farm |
| 20:18 | Construir | Farm |
| 20:27 | Crear | Villager (Male) |
| 20:50 | Crear | Villager (Male) |
| 20:54 | Crear | Knight |
| 21:02 | Investigar | Chain Barding Armor |
| 21:27 | Crear | Skirmisher |
| 21:27 | Crear | Skirmisher |
| 21:42 | Crear | Knight |
| 22:04 | Construir | Mining Camp |
| 22:18 | Crear | Knight |
| 22:18 | Crear | Knight |
| 22:19 | Crear | Villager (Male) |
| 22:19 | Crear | Villager (Male) |
| 22:30 | Investigar | Forging |
| 22:36 | Construir | Stable |
| 22:42 | Construir | Farm |
| 22:49 | Construir | Farm |
| 22:53 | Crear | Knight |
| 23:03 | Crear | Villager (Male) |
| 23:07 | Crear | Knight |
| 23:13 | Crear | Knight |
| 23:22 | Crear | Knight |
| 23:52 | Construir | Lumber Camp |
| 24:05 | Crear | Villager (Male) ×3 |
| 24:11 | Crear | Knight |
| 24:12 | Crear | Knight |
| 24:26 | Crear | Villager (Male) |
| 24:55 | Investigar | Husbandry |
| 25:08 | Crear | Villager (Male) |
| 25:20 | Crear | Knight |
| 25:31 | Crear | Villager (Male) |
| 25:38 | Construir | Siege Workshop |
| 25:45 | Crear | Villager (Male) |
| 25:49 | Construir | Farm |
| 25:50 | Construir | Farm |
| 25:54 | Construir | Farm |
| 26:01 | Crear | Villager (Male) |
| 26:09 | Crear | Villager (Male) |
| 26:20 | Crear | Scorpion |
| 26:29 | Construir | Farm |
| 26:39 | Construir | Farm |
| 26:42 | Construir | Farm |
| 26:43 | Crear | Villager (Male) |
| 26:56 | Crear | Knight |
| 27:07 | Crear | Knight |
| 27:39 | Crear | Villager (Male) |
| 27:40 | Crear | Villager (Male) |
| 27:51 | Crear | Knight |
Cronología de la partida
| 7:30 | zacaset · first_building Barracks |
| 7:43 | shepherd · first_building Barracks |
| 8:04 | zacaset · wall_segment Palisade Wall x1 |
| 8:58 | shepherd · age_up feudal |
| 9:05 | shepherd · first_building Stable |
| 9:06 | zacaset · age_up feudal |
| 9:11 | zacaset · first_building Archery Range |
| 10:07 | shepherd · wall_segment Palisade Wall x10 |
| 10:43 | zacaset · wall_segment Palisade Wall x13 |
| 11:15 | zacaset · wall_segment Palisade Wall x10 |
| 12:03 | zacaset · wall_segment Palisade Wall x1 |
| 12:04 | zacaset · wall_segment Palisade Wall x1 |
| 12:05 | zacaset · wall_segment Palisade Wall x1 |
| 12:44 | zacaset · wall_segment Palisade Wall x1 |
| 12:45 | zacaset · wall_segment Palisade Wall x1 |
| 12:47 | zacaset · wall_segment Palisade Wall x1 |
| 12:50 | zacaset · wall_segment Palisade Wall x1 |
| 13:56 | shepherd · first_building Archery Range |
| 14:09 | zacaset · wall_segment Palisade Wall x5 |
| 14:13 | zacaset · wall_segment Palisade Wall x1 |
| 15:53 | shepherd · wall_segment Palisade Wall x10 |
| 17:22 | shepherd · first_market_sell 100 stone |
| 20:04 | shepherd · age_up castle |
| 20:48 | zacaset · age_up castle |
| 24:01 | zacaset · first_building Monastery |
| 25:38 | shepherd · first_building Siege Workshop |
| 32:47 | zacaset · first_building Siege Workshop |
| 33:42 | shepherd · first_building Castle |
| 34:06 | zacaset · first_building Stable |
| 34:16 | zacaset · first_building Castle |
| 34:38 | shepherd · first_market_buy 100 food |
| 38:17 | zacaset · first_market_buy 100 food |
| 39:33 | shepherd · first_building Monastery |
| 40:01 | shepherd · age_up imperial |
| 41:28 | zacaset · age_up imperial |
| 43:24 | zacaset · first_market_sell 100 wood |
| 55:14 | shepherd · resign |
[ ANÁLISIS IA · 1 CRÉDITO ]
¿Qué pasó realmente en esta partida?
Wolo.gg analiza cada decisión: build order, eco, micro, errores típicos por bracket. Análisis personalizado por WhatsApp o Discord en 30 segundos.
Guía civ
Italianos
Perfil
Jugador #2598647